 Dungeon Crawl Stone Soup version 0.31-a0-963-ga325b2283a (webtiles) character file.

Game seed: 11036533625228755473

1005 Pixllover the Cleaver (level 8, -24/70 HPs)
             Began as a Hill Orc Monk on Oct 25, 2023.
             Was a Priest of Beogh.
             Annihilated by an ogre
             ... wielding a +0 giant club
              (26 damage)
             ... on level 5 of the Dungeon.
             The game lasted 00:07:53 (3840 turns).

Pixllover the Cleaver (Hill Orc Monk)               Turns: 3840, Time: 00:07:54

Health: -24/70     AC: 15    Str: 22    XL:     8   Next: 20%
Magic:  8/8        EV:  9    Int: 10    God:    Beogh [***...]
Gold:   269        SH:  0    Dex: 13    Spells: 7/7 levels left

rFire   . . .        a - +0 hand axe
rCold   . . .        d - orb {light}
rNeg    . . .        r - +0 chain mail
rPois   .            j - +2 hat
rElec   .            (no cloak)
rCorr   .            (no gloves)
SInv    .            (no boots)
Will    .....        (no amulet) Stlth
                     p - +6 ring of strength
HPRegen 0.31/turn    u - +4 ring of protection
MPRegen 0.11/turn

%: no passive effects
@: weak-willed, glowing, studying Long Blades
A: no striking features
a: Renounce Religion, Smiting


You were on level 5 of the Dungeon.
You worshipped Beogh.
Beogh was most pleased with you.
You visited 1 branch of the dungeon, and saw 5 of its levels.

You collected 269 gold pieces.

Inventory:

Hand Weapons
 a - a +0 hand axe (weapon)
Missiles
 b - 4 poisoned darts (quivered)
 y - a throwing net
Armour
 d - an orb of light (worn)
 j - a +2 hat (worn)
 r - a +0 chain mail (worn)
Jewellery
 p - a +6 ring of strength (left hand)
 u - a +4 ring of protection (right hand)
 x - a +5 ring of evasion
Wands
 w - a wand of mindburst (12)
Scrolls
 q - 2 scrolls of enchant armour
 v - a scroll of revelation {unknown}
Potions
 c - a potion of ambrosia
 e - a potion of lignification {unknown}
 g - a potion of haste
 i - 2 potions of curing
 k - a potion of attraction {unknown}
 n - a potion of berserk rage
 z - a potion of cancellation
 A - a potion of invisibility


   Skills:
 + Level 6.2 Fighting
 + Level 9.6 Axes
 + Level 0.3 Throwing
 + Level 3.6 Armour
 + Level 3.1 Dodging
 + Level 1.1 Stealth


You had 7 spell levels left.
You didn't know any spells.
Your spell library contained the following spells:

 Spells                   Type           Power      Damage    Failure   Level
 Slow                     Hex            0%         N/A       94%         1
 Confusing Touch          Hex            0%         N/A       100%        3
 Sigil of Binding         Hex            0%         N/A       100%        3
 Vampiric Draining        Necr           0%         2d6       100%        3


Dungeon Overview and Level Annotations

Branches:
Dungeon (5/15)
 Temple: D:4-7

Altars:

Shops:
D:3 :


Message History

A gnoll breaks down the door.
The gnoll hits you with a +0 flail.
The gnoll sergeant hits you but does no damage.
The ogre hits you but does no damage. The gnoll hits you but does no damage.
The gnoll closely misses you. The gnoll sergeant blocks your attack.
The gnoll sergeant is lightly wounded.
You hit the gnoll. You hit the gnoll but do no damage. You hit the ogre.
The gnoll sergeant hits you with a +0 spear.
The gnoll closely misses you.
You hit the gnoll sergeant.
The gnoll sergeant is moderately wounded.
You hit the ogre. You completely miss the gnoll. You hit the gnoll.
You kill the gnoll!
Beogh accepts your kill.
The gnoll hits you from afar with a +0 spear.
The ogre hits you with a +0 giant club!
You hit the gnoll.
You kill the gnoll!
Beogh accepts your kill.
You hit the gnoll. You completely miss the gnoll sergeant. You hit the ogre.
The gnoll sergeant hits you with a +0 spear!
* * * LOW HITPOINT WARNING * * *
The gnoll hits you but does no damage. The gnoll hits you with a +0 flail.
* * * LOW HITPOINT WARNING * * *
The sentinel's mark upon you fades away.
The gnoll sergeant barely misses you.
You see here a +0 flail.
As you read the scroll of fog, it dissolves into smoke.
The gnoll sergeant hits you but does no damage.
The gnoll barely misses you. The ogre closely misses you.
The gnoll sergeant closely misses you. The gnoll hits you but does no damage.
You see here a jackal corpse.
The ogre attacks as it pursues you! The ogre hits you with a +0 giant club!
* * * LOW HITPOINT WARNING * * *
As you read the scroll of fog, it dissolves into smoke.
The ogre attacks as it pursues you! The ogre barely misses you.
As you read the scroll labelled CEGEME JUADOA, it crumbles to dust.
Magic quickly surges around you.
It was a scroll of vulnerability.
The ogre hits you with a +0 giant club!!
You die...

#+## #######..##+###
#.............#
#......§......#
#.....§§§§§§..#
#.....§§§@§§..# . .
#§§...§§O§§§..#
....#§#####gg§§§....
#....g§§§§..#####..
#....g§g§g§.#
#...O§§.§§§.#
#....§..§...#
#.........§§##
...#####+#....#


You could see an ogre (weak-willed), a gnoll sergeant and a gnoll.

Vanquished Creatures
  A water moccasin (D:4)
  2 black bears
  2 ogres
  A bullfrog (D:4)
  A scorpion (D:4)
  A howler monkey (D:5)
  A hound (D:4)
  A sleepcap (D:4)
  Terence (D:2)
  2 iguanas
  An orc wizard (D:3)
  6 gnolls
  5 adders
  2 worms
  3 dart slugs
  18 orcs
  7 bats
  8 endoplasms
  A giant cockroach (D:4)
  9 goblins
  12 hobgoblins
  6 jackals
  8 quokkas
  5 ball pythons
  3 frilled lizards
  4 kobolds
  3 rats
114 creatures vanquished.

Vanquished Creatures (others)
  A worm (D:4)
  3 orcs (D:4)
4 creatures vanquished.

Grand Total: 118 creatures vanquished

Notes
Turn   | Place    | Note
-------+----------+-------------------------------------------
     0 | D:1      | Pixllover the Hill Orc Monk began the quest for the Orb.
     0 | D:1      | Reached XP level 1. HP: 19/19 MP: 1/1
   460 | D:1      | Found a faded altar of an unknown god.
   466 | D:1      | Reached XP level 2. HP: 18/27 MP: 2/2
  1030 | D:2      | Reached XP level 3. HP: 32/34 MP: 3/3
  1092 | D:2      | Noticed Terence
  1113 | D:2      | Killed Terence
  1114 | D:2      | Reached skill level 5 in Axes
  1114 | D:2      | Reached XP level 4. HP: 24/41 MP: 4/4
  1307 | D:2      | Identified the +0 robe "Feffug" {rElec Regen+ Str-3 Dex+2}
  1831 | D:3      | Noticed a black bear
  1831 | D:3      | Found Myoqaez's Book Shoppe.
  1842 | D:3      | Killed a black bear
  1843 | D:3      | Reached skill level 6 in Axes
  1843 | D:3      | Reached XP level 5. HP: 42/47 MP: 5/5
  2185 | D:3      | Reached skill level 1 in Stealth
  2280 | D:3      | Reached XP level 6. HP: 54/55 MP: 6/6
  2283 | D:3      | Reached skill level 7 in Axes
  2514 | D:4      | Noticed a water moccasin
  2516 | D:4      | Reached skill level 5 in Fighting
  2516 | D:4      | Reached skill level 1 in Armour
  2530 | D:4      | Killed a water moccasin
  2531 | D:4      | Reached XP level 7. HP: 33/61 MP: 7/7
  2638 | D:4      | Identified the +5 ring mail of Kibisog {Rampage rF- Will+}
  2695 | D:4      | Reached skill level 8 in Axes
  2695 | D:4      | Became a worshipper of Beogh the Brigand
  2695 | D:4      | Reached * piety under Beogh
  2695 | D:4      | Reached ** piety under Beogh
  3117 | D:4      | Reached skill level 9 in Axes
  3508 | D:5      | Entered Level 5 of the Dungeon
  3802 | D:5      | Reached XP level 8. HP: 66/70 MP: 8/8
  3817 | D:5      | Reached *** piety under Beogh
  3837 | D:5      | HP: 1/70 [ogre/+0 giant club (8)]
  3840 | D:5      | Annihilated by an ogre

Illustrated notes

Levels and vault maps discovered:
D:1:      orjb1_lava_funnel, layout_basic, ebering_ecumenical_altar_sacrificial,
          minmay_pentomino_x4
D:2:      kennysheep_six_static_rooms, layout_loops_ring,
          guppyfry_early_orc_mine, uniq_terence
D:3:      layout_basic, serial_shops, shop, kennysheep_generic_room_5
D:4:      layout_basic, minmay_manual_monstrance
D:5:      layout_gridville, trog_wizard, temple_green, portal_sewer_entry_f,
          serial_bayou, serial_bayou_lagoon_a, serial_bayou_shore_b,
          serial_bayou_pond_d, serial_bayou_ford_a, minmay_fountain_box,
          sigmund_army

Skill      XL: |  1  2  3  4  5  6  7  8 |
---------------+-------------------------+-----
Fighting       | 4 5 6 |  6.2
Axes           | 5 6 7 9 |  9.6
Stealth        | 1 |  1.1
Armour         | 2 3 |  3.6
Dodging        | 3 |  3.1
Throwing       | |  0.3

Action                     |  1- 3 |  4- 6 |  7- 9 || total
---------------------------+-------+-------+-------++-------
  Melee: Hand axe          |    74 |   113 |   146 ||   333
  Throw: Dart              |       |     3 |       ||     3
 Invoke: Convert to Beogh  |       |       |     1 ||     1
    Use: Scroll            |       |       |    13 ||    13
         Potion            |       |       |     1 ||     1
 Armour: Robe              |    50 |     1 |       ||    51
         Chain mail        |       |   104 |   157 ||   261
  Dodge: Dodged            |    49 |    57 |    80 ||   186

Table legend: (Time is in decaauts)
 A = Elapsed time spent in this place.
 B = Non-inter-level travel time spent in this place.
 C = Inter-level travel time spent in this place.
 D = Time resting spent in this place.
 E = Time spent auto-exploring this place.
 F = Levels seen in this place.
 G = Mean time per level.
                   A        B        C        D        E       F      G
               +--------+--------+--------+--------+--------+-----+--------+
         Total |   3833 |   3752 |     81 |    493 |   2205 |   5 |  766.6 |
       Dungeon |   3833 |   3752 |     81 |    493 |   2205 |   5 |  766.6 |
               +--------+--------+--------+--------+--------+-----+--------+

Top non-repeatable levels by time:
     D:4: 1046 daAuts
     D:2: 974 daAuts
     D:1: 870 daAuts
     D:3: 616 daAuts
     D:5: 326 daAuts
